 Dungeon Crawl Stone Soup version 0.29.0-4-gdea44cf6ec (webtiles) character file.

Game seed: 15706686304141520059

1285 qw the Cleaver (level 8, -3/46 HPs)
             Began as a Tengu Warper on Aug 28, 2022.
             Was a Follower of Okawaru.
             Slain by Pikel
             ... wielding a +2 whip of electrocution
              (9 damage)
             ... on level 5 of the Dungeon.
             The game lasted 00:00:37 (6925 turns).

qw the Cleaver (Tengu Warper)                       Turns: 6925, Time: 00:00:38

Health: -3/46      AC: 12    Str: 14    XL:     8   Next: 55%
Magic:  11/12      EV: 10    Int: 14    God:    Okawaru [*.....]
Gold:   232        SH:  0    Dex: 13    Spells: 11/11 levels left

rFire   . . .      SeeInvis .   Y - +1 war axe
rCold   . . .      Faith    .   (no shield)
rNeg    . . .      Spirit   .   j - +0 chain mail
rPois   .          Reflect  .   (helmet restricted)
rElec   .          Harm     .   (no cloak)
rCorr   .          Rampage  .   h - +0 pair of gloves
Will    .....                   (boots unavailable)
Stlth   ..........              (no amulet)
HPRegen 0.15/turn               (no ring)
MPRegen 0.13/turn               (no ring)

@: heroic, flying quickly and evasively, quick
A: beak, talons 3, nimble flight
a: Renounce Religion, Heroism


You were on level 5 of the Dungeon.
You worshipped Okawaru.
Okawaru was aware of your devotion.
You visited 2 branches of the dungeon, and saw 6 of its levels.

You collected 232 gold pieces.


Innate Abilities, Weirdness & Mutations

You have a beak for a mouth.
You have claws for feet.
Your magical nature lets you fly swiftly and evasively.


   Skills:
 + Level 3.5(8.5) Fighting
 - Level 9.0(14.0) Axes
 - Level 2.3(7.3) Throwing
 - Level 3.6(8.6) Armour
 - Level 2.1(7.1) Dodging
 - Level 2.0 Spellcasting
 - Level 2.4 Translocations
 + Level 2.9 Invocations


You had 11 spell levels left.
You didn't know any spells.
Your spell library contained the following spells:

 Spells                   Type           Power      Damage    Failure   Level
 Blink                    Tloc           16%        N/A       91%         2
 Gell's Gravitas          Tloc           8%         N/A       99%         3
 Lesser Beckoning         Tloc           8%         N/A       99%         3
 Teleport Other           Tloc           8%         N/A       99%         3
 Manifold Assault         Tloc           8%         N/A       100%        5

Inventory:

Hand Weapons
 o - a +0 morningstar
 Y - a +1 war axe (weapon)
Missiles
 f - 4 javelins (quivered)
 n - 2 boomerangs
Armour
 h - a +0 pair of gloves (worn)
 j - a +0 chain mail (worn)
Scrolls
 b - 3 scrolls of identify
Potions
 a - a potion of flight {unknown}
 c - 4 potions of curing
 e - a potion of mutation {unknown}
 g - a potion of invisibility {unknown}
 i - a potion of berserk rage {unknown}
 k - a potion of lignification {unknown}
 l - 3 potions of brilliance {unknown}
 m - a potion of magic {unknown}

Dungeon Overview and Level Annotations

Branches:
Dungeon (5/15)             Temple (1/1) D:4

Altars:
Fedhas
Hepliaklqana
Makhleb
Nemelex Xobeh
Okawaru
Qazlal
Trog
Uskayaw
Vehumet
Wu Jian
Xom
Yredelemnul
Zin
The Shining One
Jiyva

Shops:
D:1 (

Annotations:
D:3 2 transporters, qw's ghost, amateur TeWr
D:5 3 runed translucent doors, Pikel


Message History

The lemure barely misses you.
You closely miss Pikel. You claw Pikel, but do no damage.
Your peck misses Pikel.
Pikel is moderately wounded.
You hit the lemure.
Pikel hits you with a +2 whip of electrocution.
The lemure closely misses you.
You hit Pikel. You claw Pikel, but do no damage.
You peck Pikel, but do no damage.
Pikel is moderately wounded.
You hit the lemure but do no damage. You barely miss the lemure.
You hit the lemure. The lemure hits you. The lemure barely misses you. x2
Pikel hits you with a +2 whip of electrocution.
You closely miss the lemure. You claw the lemure.
The lemure is severely wounded.
You hit the lemure. You slash the lemure! You hit Pikel but do no damage.
The lemure hits you. The lemure barely misses you.
The lemure hits you but does no damage. Pikel closely misses you.
You slash the lemure!
You kill the lemure!
That felt strangely unrewarding.
You barely miss the lemure. You slash the lemure! You closely miss Pikel.
You closely miss the lemure.
The lemure is severely wounded.
You hit Pikel. You hit the lemure but do no damage.
The lemure closely misses you.
Pikel hits you with a +2 whip of electrocution.
You are electrocuted!!
The lemure closely misses you.
You hit the lemure.
The lemure is severely wounded.
You miss Pikel. You hit the lemure but do no damage.
The lemure barely misses you. The lemure hits you but does no damage.
Pikel barely misses you.
You barely miss the lemure. You claw the lemure, but do no damage.
You peck the lemure.
The lemure is almost dead.
You hit the lemure but do no damage. You miss Pikel. The lemure hits you.
Pikel hits you but does no damage.
You are electrocuted!
You die...

..# #####.####
.........# ###
.##.#.##.#
..###.[......##
#.#..##......#######
#..#.##.............
#.5@.##...)..#####..
#.K.5......#.# #..
#...#..#####.# #..
5.(..####.# #.. #..
s###. ..# #.## #.#
## #..# #.# #.. ....
..# ### #.##. ## ##
## .####


You could see Pikel and 2 lemures.

Vanquished Creatures
  Grinder (D:4)
  A black bear (D:4)
  2 ogres
  2 phantoms
  A lemure (D:5)
  Blork the orc (D:4)
  A wyvern zombie (D:5)
  A water moccasin zombie (D:5)
  A bullfrog zombie (D:5)
  4 hounds
  An orc priest (D:5)
  A bullfrog skeleton (D:5)
  2 iguanas (D:4)
  A scorpion zombie (D:5)
  A killer bee zombie (D:5)
  A hound zombie (D:5)
  Robin (D:4)
  5 adders
  4 dart slugs
  13 orcs
  9 ball pythons
  5 endoplasms
  4 giant cockroaches
  17 goblins
  13 hobgoblins
  4 quokkas
  5 bats
  10 kobolds
  9 rats
121 creatures vanquished.

Vanquished Creatures (others)
  8 withered plants (D:5)
8 creatures vanquished.

Grand Total: 129 creatures vanquished

Notes
Turn   | Place    | Note
-------+----------+-------------------------------------------
     0 | D:1      | qw the Tengu Warper began the quest for the Orb.
     0 | D:1      | Reached XP level 1. HP: 12/12 MP: 4/4
     0 | D:1      | 0 ||| qw: Version: 0.1-a-89-g26bdef1
     0 | D:1      | 0 ||| qw: Game counter: 2311
     0 | D:1      | 0 ||| qw: Always use a shield: true
     0 | D:1      | 0 ||| qw: God list: Okawaru
     0 | D:1      | 0 ||| qw: Allow faded altars: false
     0 | D:1      | 0 ||| qw: Do Orc after D:15 true
     0 | D:1      | 0 ||| qw: Do second Lair branch before Depths: true
     0 | D:1      | 0 ||| qw: Lair rune preference: random
     0 | D:1      | 0 ||| qw: Plans: Normal
     0 | D:1      | 0 ||| PLANNING D:1-11
   372 | D:1      | Reached XP level 2. HP: 17/17 MP: 6/6
   401 | D:1      | Reached skill level 3 in Axes
   483 | D:1      | Found Xewkaen's Weapon Boutique.
   486 | D:1      | 486 ||| SHOPLISTING +1 mace of protection (137 gold, have
                  | 14).
   826 | D:1      | Reached XP level 3. HP: 21/21 MP: 7/7
   869 | D:1      | 869 ||| Stepping ~*~*~tactically~*~*~ (stealth).
  1164 | D:1      | Reached skill level 4 in Axes
  1269 | D:1      | Found a faded altar of an unknown god.
  1273 | D:1      | 1273 ||| UPGRADING to +0 scale mail.
  1283 | D:1      | 1283 ||| DROPPING +0 leather armour.
  1284 | D:1      | 1284 ||| READING scroll labelled ANACSULEXO.
  1285 | D:1      | 1285 ||| READING scroll labelled LOVUYNK FITTO.
  1286 | D:1      | 1286 ||| READING scroll labelled YHUBIEKLEABE.
  1287 | D:1      | 1287 ||| DROPPING scroll of blinking.
  1351 | D:2      | 1351 ||| STAIRDANCE
  1436 | D:2      | 1436 ||| Stepping ~*~*~tactically~*~*~ (stealth).
  1440 | D:2      | 1440 ||| Stepping ~*~*~tactically~*~*~ (stealth).
  1445 | D:2      | 1445 ||| Stepping ~*~*~tactically~*~*~ (stealth).
  1447 | D:2      | 1447 ||| Stepping ~*~*~tactically~*~*~ (stealth).
  1448 | D:2      | 1448 ||| Stepping ~*~*~tactically~*~*~ (stealth).
  1500 | D:2      | 1500 ||| SWAPPING to +0 war axe.
  1509 | D:2      | 1509 ||| DROPPING +0 hand axe.
  1515 | D:2      | 1515 ||| Stepping ~*~*~tactically~*~*~ (stealth).
  1635 | D:2      | Reached XP level 4. HP: 26/26 MP: 8/8
  1674 | D:2      | 1674 ||| FLEEEEING.
  1689 | D:2      | 1689 ||| FLEEEEING.
  1690 | D:2      | 1690 ||| FLEEEEING.
  1691 | D:2      | 1691 ||| FLEEEEING.
  1692 | D:2      | 1692 ||| FLEEEEING.
  1693 | D:2      | 1693 ||| STAIRDANCE
  1773 | D:1      | 1773 ||| READING scroll labelled TIAVIA ITWA.
  1774 | D:1      | 1774 ||| READING scroll labelled FEIHAU COMUHY.
  1775 | D:1      | 1775 ||| READING scroll labelled XONOSA COERHO.
  2388 | D:2      | 2388 ||| READING scroll labelled XOFFOU FYOCVYM.
  2403 | D:3      | 2403 ||| Stepping ~*~*~tactically~*~*~ (hiding).
  2544 | D:3      | 2544 ||| Stepping ~*~*~tactically~*~*~ (hiding).
  2548 | D:3      | Reached skill level 5 in Axes
  2669 | D:3      | Found a transporter.
  2677 | D:3      | Noticed qw's ghost (amateur TeWr)
  2867 | D:3      | 2867 ||| DROPPING +0 club.
  2868 | D:3      | Found a transporter.
  3183 | D:3      | 3183 ||| Stepping ~*~*~tactically~*~*~ (stealth).
  3184 | D:3      | 3184 ||| Stepping ~*~*~tactically~*~*~ (stealth).
  3185 | D:3      | 3185 ||| Stepping ~*~*~tactically~*~*~ (stealth).
  3206 | D:3      | Gained mutation: Your magical nature lets you fly swiftly
                  | and evasively. [Tengu growth]
  3206 | D:3      | Reached XP level 5. HP: 16/30 MP: 9/9
  3618 | D:3      | 3618 ||| UPGRADING to +0 pair of gloves.
  3623 | D:3      | 3623 ||| READING scroll labelled LUAHIO POUSUWN.
  3624 | D:3      | 3624 ||| DRINKING 3 metallic black potions.
  3625 | D:3      | 3625 ||| DRINKING 2 fuming dark potions.
  3626 | D:3      | 3626 ||| Stepping randomly (stuck).
  3627 | D:3      | 3627 ||| Stepping ~*~*~tactically~*~*~ (cloud).
  3875 | D:4      | Noticed a black bear
  3887 | D:4      | Killed a black bear
  3888 | D:4      | Reached skill level 6 in Axes
  3902 | D:4      | Noticed Blork the orc
  3903 | D:4      | 3903 ||| FLEEEEING.
  3907 | D:4      | 3907 ||| STAIRDANCE
  4005 | D:4      | 4005 ||| Stepping ~*~*~tactically~*~*~ (hiding).
  4007 | D:4      | 4007 ||| Stepping ~*~*~tactically~*~*~ (hiding).
  4018 | D:4      | HP: 4/30 [Blork the orc/magic dart (5)]
  4019 | D:4      | 4019 ||| DRINKING potion of heal wounds.
  4023 | D:4      | HP: 3/30 [Blork the orc/magic dart (9)]
  4025 | D:4      | Killed Blork the orc
  4026 | D:4      | Reached skill level 7 in Axes
  4026 | D:4      | Reached XP level 6. HP: 3/35 MP: 10/10
  4494 | D:4      | 4494 ||| Stepping ~*~*~tactically~*~*~ (stealth).
  4497 | D:4      | 4497 ||| Stepping ~*~*~tactically~*~*~ (stealth).
  4583 | D:4      | Reached skill level 3 in Fighting
  4612 | D:4      | 4612 ||| Stepping ~*~*~tactically~*~*~ (hiding).
  4613 | D:4      | 4613 ||| Stepping ~*~*~tactically~*~*~ (hiding).
  4615 | D:4      | 4615 ||| Stepping ~*~*~tactically~*~*~ (hiding).
  4689 | D:4      | 4689 ||| FLEEEEING.
  4692 | D:4      | 4692 ||| FLEEEEING.
  4693 | D:4      | 4693 ||| FLEEEEING.
  4694 | D:4      | 4694 ||| FLEEEEING.
  4695 | D:4      | 4695 ||| FLEEEEING.
  4696 | D:4      | 4696 ||| FLEEEEING.
  4697 | D:4      | 4697 ||| FLEEEEING.
  4698 | D:4      | 4698 ||| FLEEEEING.
  4699 | D:4      | 4699 ||| FLEEEEING.
  4700 | D:4      | 4700 ||| FLEEEEING.
  4701 | D:4      | 4701 ||| FLEEEEING.
  4706 | D:4      | 4706 ||| FLEEEEING.
  4707 | D:4      | 4707 ||| FLEEEEING.
  4708 | D:4      | 4708 ||| FLEEEEING.
  4709 | D:4      | 4709 ||| FLEEEEING.
  4710 | D:4      | 4710 ||| FLEEEEING.
  4711 | D:4      | 4711 ||| FLEEEEING.
  4712 | D:4      | 4712 ||| FLEEEEING.
  4713 | D:4      | 4713 ||| FLEEEEING.
  4714 | D:4      | 4714 ||| FLEEEEING.
  4715 | D:4      | 4715 ||| FLEEEEING.
  4716 | D:4      | 4716 ||| FLEEEEING.
  4720 | D:4      | 4720 ||| FLEEEEING.
  4721 | D:4      | 4721 ||| FLEEEEING.
  4722 | D:4      | 4722 ||| FLEEEEING.
  4723 | D:4      | 4723 ||| FLEEEEING.
  4724 | D:4      | 4724 ||| FLEEEEING.
  4725 | D:4      | 4725 ||| FLEEEEING.
  4726 | D:4      | 4726 ||| FLEEEEING.
  4727 | D:4      | 4727 ||| FLEEEEING.
  4728 | D:4      | 4728 ||| FLEEEEING.
  4729 | D:4      | 4729 ||| FLEEEEING.
  4730 | D:4      | 4730 ||| FLEEEEING.
  4738 | D:4      | 4738 ||| STAIRDANCE
  4770 | D:3      | 4770 ||| UPGRADING to +0 chain mail.
  4780 | D:3      | 4780 ||| DROPPING +0 scale mail.
  4811 | D:4      | Noticed Robin
  4812 | D:4      | 4812 ||| Stepping ~*~*~tactically~*~*~ (hiding).
  4823 | D:4      | Killed Robin
  5015 | D:4      | Reached XP level 7. HP: 39/41 MP: 11/11
  5106 | D:4      | Found a staircase to the Ecumenical Temple.
  5107 | D:4      | 5107 ||| PLANNING TEMPLE
  5112 | Temple   | Entered the Ecumenical Temple
  5125 | Temple   | Became a worshipper of Warmaster Okawaru
  5194 | Temple   | 5194 ||| PLANNING D:1-11
  5297 | D:4      | Noticed Grinder
  5302 | D:4      | Paralysed by Grinder for 5 turns
  5311 | D:4      | HP: 10/41 [Grinder/nerve-wracking pain (6)]
  5312 | D:4      | 5312 ||| DRINKING potion of heal wounds.
  5314 | D:4      | Killed Grinder
  5315 | D:4      | Reached skill level 8 in Axes
  5608 | D:5      | Entered Level 5 of the Dungeon
  5609 | D:5      | 5609 ||| STAIRDANCE
  5615 | D:4      | Reached skill level 3 in Armour
  5700 | D:5      | 5700 ||| STAIRDANCE
  5780 | D:5      | 5780 ||| STAIRDANCE
  5849 | D:5      | 5849 ||| STAIRDANCE
  5892 | D:5      | Reached * piety under Okawaru
  5893 | D:5      | Reached XP level 8. HP: 45/46 MP: 12/12
  5905 | D:5      | 5905 ||| Stepping ~*~*~tactically~*~*~ (hiding).
  5910 | D:5      | 5910 ||| INVOKING Heroism.
  5915 | D:5      | Reached skill level 1 in Invocations
  6026 | D:5      | 6026 ||| FLEEEEING.
  6027 | D:5      | 6027 ||| STAIRDANCE
  6064 | D:5      | 6064 ||| Stepping ~*~*~tactically~*~*~ (stealth).
  6095 | D:5      | 6095 ||| FLEEEEING.
  6132 | D:5      | 6132 ||| DROPPING +0 flail.
  6133 | D:5      | 6133 ||| Stepping ~*~*~tactically~*~*~ (stealth).
  6140 | D:5      | 6140 ||| INVOKING Heroism.
  6353 | D:5      | Found a blossoming altar of Fedhas.
  6353 | D:5      | Found a radiant altar of Vehumet.
  6361 | D:5      | Found a faded altar of an unknown god.
  6363 | D:5      | Found a glowing silver altar of Zin.
  6365 | D:5      | Found a hide-covered altar of Uskayaw.
  6422 | D:5      | Found a runed translucent gate.
  6422 | D:5      | Found a runed translucent gate.
  6423 | D:5      | Found a runed translucent gate.
  6430 | D:5      | Found a shimmering altar of Xom.
  6509 | D:5      | 6509 ||| Stepping ~*~*~tactically~*~*~ (stealth).
  6522 | D:5      | 6522 ||| INVOKING Heroism.
  6696 | D:5      | 6696 ||| INVOKING Heroism.
  6701 | D:5      | Reached skill level 9 in Axes
  6907 | D:5      | Noticed Pikel
  6907 | D:5      | 6907 ||| Stepping ~*~*~tactically~*~*~ (stealth).
  6909 | D:5      | 6909 ||| INVOKING Heroism.
  6911 | D:5      | 6911 ||| Stepping ~*~*~tactically~*~*~ (stealth).
  6923 | D:5      | HP: 10/46 [Pikel/+2 whip of electrocution (18)]
  6925 | D:5      | Slain by Pikel

Levels and vault maps discovered:
D:1:      nagdon_arrival_zigzag_paths, layout_loops_ring, serial_shops,
          nicolae_shop_window_shopping, shapermc_ecumenical_altar_hornbeckon
D:2:      kennysheep_the_goblin_king, layout_rooms, fountainhead, minivault_4,
          due_unseen_surprise
D:3:      layout_loops_ring, gammafunk_ghost_stat_death, minivault_11
D:4:      layout_basic, minmay_temple_entry_hall, uniq_blork_the_orc,
          uniq_robin, uniq_grinder
D:5:      layout_loops_ring, nicolae_overflow_hidden_temple,
          mainiacjoe_overflow_catwalk, lemuel_coloured_pillars_altar,
          chequers_temple_overflow_minitemple, ebering_ghost_rock_garden,
          serial_undead, serial_undead_d, serial_undead_b, serial_undead_b,
          serial_undead_c, uniq_pikel
Temple:   pf_slimified_temple

Skill      XL: |  1  2  3  4  5  6  7  8 |
---------------+-------------------------+-----
Axes           | 3 4 5 7 8 9 |  9.0
Fighting       | 3 |  3.5
Armour         | 3 |  3.6
Throwing       | 2 |  2.3
Invocations    | 2 |  2.9
Dodging        | |  2.1
Spellcasting   | |  2.0
Translocations | |  2.4

Action                   |  1- 3 |  4- 6 |  7- 9 || total
-------------------------+-------+-------+-------++-------
Melee: Hand axe          |    73 |       |       ||    73
       Kick              |    20 |    31 |    33 ||    84
       Peck              |    11 |    22 |    23 ||    56
       War axe           |    13 |   136 |    99 ||   248
Throw: Boomerang         |     7 |       |       ||     7
       Javelin           |       |     2 |    12 ||    14
Invok: Heroism           |       |       |     5 ||     5
  Use: Scroll            |     3 |     5 |       ||     8
       Potion            |       |     3 |     1 ||     4
Armor: Leather armour    |    15 |       |       ||    15
       Scale mail        |    10 |    66 |       ||    76
       Chain mail        |       |     3 |    65 ||    68
Dodge: Dodged            |    45 |    62 |    60 ||   167

Table legend:
 A = Non-vault XP
 B = Vault XP
 C = Vault XP percentage of total XP
 D = Non-vault monster count
 E = Vault monster count
 F = Vault count percentage of total count
                 A         B        C        D         E       F
            +---------+---------+-------+---------+---------+-------
      Total |     872 |     964 |  52.5 |      95 |      25 |  20.8
            +---------+---------+-------+---------+---------+-------
        D:1 |      45 |       0 |   0.0 |      25 |       0 |   0.0
        D:2 |      49 |      12 |  19.7 |      22 |       7 |  24.1
        D:3 |      66 |       0 |   0.0 |      20 |       0 |   0.0
        D:4 |     440 |     520 |  54.2 |      16 |      10 |  38.5
        D:5 |     272 |     432 |  61.4 |      12 |       8 |  40.0
            +---------+---------+-------+---------+---------+-------
